 Dungeon Crawl Stone Soup version 0.18.1-5-g4a78601 (webtiles) character file.

2138 manon the Carver (level 9, -3/75 HPs)
             Began as a Minotaur Berserker on May 13, 2016.
             Was an Elder of Trog.
             Slain by a wight
             ... wielding a +3 mace
              (10 damage)
             ... on level 7 of the Dungeon.
             The game lasted 00:25:50 (6270 turns).

manon the Carver (Minotaur Berserker)               Turns: 6270, Time: 00:25:51

Health: -3/75      AC:  9    Str: 25    XL:     9   Next: 9%
Magic:  8/8        EV:  8    Int:  4    God:    Trog [****..]
Gold:   312        SH:  0    Dex: 10    Spells: 0 memorised, 8 levels left

rFire  . . .     SeeInvis .     t - +0 falchion (holy)
rCold  . . .     Gourm    .     b - +0 chain mail
rNeg   . . .     Faith    .     (no shield)
rPois  .         Spirit   .     (helmet restricted)
rElec  .         Dismiss  .     (no cloak)
rCorr  .         Reflect  .     (no gloves)
SustAt .         Harm     .     o - +0 pair of boots
MR     .....                    (no amulet)
Stlth  ..........               (no ring)
                                (no ring)

@: exhausted, slowed, drained, very slow, not resistant to hostile enchantments,
extremely unstealthy
A: retaliatory headbutt, horns 2
a: Berserk, Trog's Hand, Brothers in Arms, Burn Spellbooks, Renounce Religion


You were on level 7 of the Dungeon.
You worshipped Trog.
Trog was greatly pleased with you.
You were hungry.

You visited 1 branch of the dungeon, and saw 8 of its levels.
You also visited: Sewer.

You collected 312 gold pieces.

Inventory:

Hand Weapons
 a - a +0 falchion
 t - a +0 falchion of holy wrath (weapon)
Missiles
 f - a throwing net (quivered)
 m - 18 bolts
Armour
 b - a +0 chain mail (worn)
 o - a +0 pair of boots (worn)
Jewellery
 d - an uncursed ring of poison resistance {unknown}
 g - an uncursed ring of positive energy {unknown}
 n - a +4 ring of evasion {unknown}
Wands
 p - a wand of disintegration (6/24)
 C - a wand of acid (8/15)
Scrolls
 e - 4 scrolls of teleportation
 k - a scroll of random uselessness {unknown}
 l - a scroll of immolation {unknown}
 q - 2 scrolls of noise {unknown}
 r - a scroll of remove curse {unknown}
 u - a scroll of amnesia {unknown}
 v - 2 scrolls of blinking {unknown}
 x - 2 scrolls of identify {unknown}
 y - a scroll of magic mapping {unknown}
Potions
 h - 3 potions of curing
 i - a potion of resistance {unknown}
 j - 2 potions of haste {unknown}
 s - a potion of cancellation {unknown}
 w - 2 potions of magic {unknown}
 z - a potion of degeneration {unknown}
 A - a potion of might {unknown}
 B - a potion of heal wounds {unknown}
Comestibles
 c - 4 bread rations


   Skills:
 + Level 6.0(5.3) Fighting
 * Level 13.3(12.4) Long Blades
 - Level 2.5(1.8) Armour
 - Level 2.3(1.6) Dodging


You had 8 spell levels left.
You didn't know any spells.

Dungeon Overview and Level Annotations

Branches:
Dungeon (8/15)
 Temple: D:4-7         Lair: D:8-11

Altars:
Pakellas
Sif Muna


Innate Abilities, Weirdness & Mutations

You reflexively headbutt those who attack you in melee.
You have a pair of horns on your head.


Message History

The wight is moderately damaged.
You are no longer berserk.
Trog's vigour flows through your veins.
You are exhausted.
You feel yourself slow down.
You are feeling hungry.
The wight hits you with an enchanted halberd.
You fail to use your ability.
The wight hits you with a battleaxe!
* * * LOW HITPOINT WARNING * * *
The wight hits you but does no damage. x2
Your ogre goes berserk!
You feel somewhat more hungry. The wight barely misses you.
The wight hits you but does no damage. The wight barely misses you. x2
You furiously retaliate!
You headbutt the wight!
The wight hits you with an enchanted trident!
* * * LOW HITPOINT WARNING * * *
The wight barely misses you. The wight closely misses you.
You furiously retaliate!
You headbutt the wight!
The wight hits you with an enchanted mace!
You die...

#.. #.. ... #..
#### .._.
##..###..##....
#.......z......
#....O@zo(.....
#...)..z.......
#...).)z.......
#...).)........
######..###...#
#..# ...# ....#
..# ...$# .#
.?..$+


You could see 4 wights, an orc and a friendly ogre (berserk).

Vanquished Creatures
  The ghost of Gekot the Skirmisher, a novice GrFi (D:6)
  Prince Ribbit (D:5)
  A water moccasin (D:5)
  2 sky beasts
  An orc warrior (D:7)
  3 ogres
  A giant frog (D:6)
  A wight (D:7)
  2 howler monkeys (D:4)
  A giant frog zombie (D:4)
  2 crimson imps
  A jelly (D:7)
  5 hounds
  3 orc priests
  Terence (D:2)
  Natasha (twice) (D:3)
  3 orc wizards (D:4)
  2 hound skeletons (D:5)
  A worker ant zombie (D:6)
  4 gnolls (D:3)
  7 adders
  4 river rats
  3 oozes
  3 worms
  A dart slug (D:5)
  6 giant geckos
  8 orcs
  7 ball pythons
  11 bats
  9 giant cockroaches
  6 goblins
  9 hobgoblins
  7 jackals
  3 quokkas
  A giant cockroach zombie (D:6)
  9 giant newts
  A jackal zombie (D:5)
  11 kobolds
  17 rats
  A plant (D:1)
162 creatures vanquished.

Vanquished Creatures (others)
  A plant (D:1)
1 creature vanquished.

Grand Total: 163 creatures vanquished

Notes
Turn   | Place    | Note
--------------------------------------------------------------
     0 | D:1      | manon the Minotaur Berserker began the quest for the Orb.
     0 | D:1      | Reached XP level 1. HP: 19/19 MP: 0/0
   254 | D:1      | Reached skill level 4 in Long Blades
   256 | D:1      | Reached XP level 2. HP: 27/27 MP: 1/1
   467 | D:1      | Reached ** piety under Trog
   561 | D:1      | Reached XP level 3. HP: 25/33 MP: 2/2
   595 | D:1      | Reached skill level 5 in Long Blades
   853 | D:2      | Noticed Terence
   863 | D:2      | Killed Terence
   863 | D:2      | Reached XP level 4. HP: 40/40 MP: 3/3
   947 | D:2      | Reached skill level 6 in Long Blades
  1490 | D:3      | Reached *** piety under Trog
  1904 | D:3      | Reached XP level 5. HP: 40/46 MP: 4/4
  2002 | D:3      | Reached skill level 7 in Long Blades
  2110 | D:3      | Noticed Natasha
  2115 | D:3      | Killed Natasha
  2275 | D:3      | Noticed Natasha
  2278 | D:3      | Killed Natasha
  2664 | D:4      | Noticed an ogre
  2668 | D:4      | Killed an ogre
  2668 | D:4      | Reached skill level 8 in Long Blades
  2668 | D:4      | Reached XP level 6. HP: 52/52 MP: 5/5
  2892 | D:4      | Reached **** piety under Trog
  2892 | D:4      | Reached skill level 9 in Long Blades
  3010 | D:4      | Reached XP level 7. HP: 41/58 MP: 6/6
  3411 | D:4      | Reached skill level 10 in Long Blades
  3628 | D:5      | Entered Level 5 of the Dungeon
  3981 | D:5      | Noticed Prince Ribbit
  4685 | D:5      | Killed Prince Ribbit
  4685 | D:5      | Reached skill level 11 in Long Blades
  4685 | D:5      | Reached XP level 8. HP: 40/66 MP: 7/7
  4975 | D:5      | Reached skill level 12 in Long Blades
  5303 | D:6      | Found a deep blue altar of Sif Muna.
  5398 | D:6      | Noticed Gekot's ghost (novice GrFi)
  5408 | D:6      | Killed Gekot's ghost
  5412 | D:6      | Reached skill level 5 in Fighting
  5492 | D:6      | Found a glowing drain.
  5526 | Sewer    | Entered a sewer
  6105 | D:6      | Reached skill level 13 in Long Blades
  6204 | D:6      | You fall through a shaft for 2 floors!
  6237 | D:7      | Found an oddly glowing altar of Pakellas.
  6254 | D:7      | Reached XP level 9. HP: 75/75 MP: 8/8
  6256 | D:7      | Reached ***** piety under Trog
  6270 | D:7      | Slain by a wight

Skill      XL: |  1  2  3  4  5  6  7  8  9 |
---------------+----------------------------+-----
Long Blades    | 4 5 6 8 9 11 13 | 13.3
Fighting       | 5 6 |  6.0
Armour         | |  2.5
Dodging        | |  2.3

Action                   |  1- 3 |  4- 6 |  7- 9 || total
-------------------------+-------+-------+-------++-------
Melee: Falchion          |    95 |   184 |   262 ||   541
       Headbutt          |    31 |    24 |    34 ||    89
Invok: Berserk           |     1 |     1 |     4 ||     6
       Brothers in Arms  |       |       |     1 ||     1
Evoke: Wand              |       |       |     3 ||     3
  Use: Potion            |       |       |     1 ||     1
       Scroll            |       |       |     1 ||     1
  Eat: Chunk             |       |     7 |     8 ||    15
       Royal jelly       |       |     1 |       ||     1
       Beef jerky        |       |       |     1 ||     1
       Bread ration      |       |       |     1 ||     1
Armor: Animal skin       |    17 |       |       ||    17
       Chain mail        |       |   108 |    98 ||   206
       Scale mail        |       |     1 |       ||     1
Dodge: Dodged            |    43 |    64 |    81 ||   188
